 Seeded DCSS version 0.30.0-29-ga12c61a403 (webtiles) character file.

Game seed: 14673204648628227727 (custom seed)

74534 McKennaii the Devastator (level 14, -17/93 HPs)
             Began as a Demigod Conjurer on June 11, 2023.
             Killed from afar by Jorgrun (45 damage)
             ... with an iron shot
             ... on level 14 of the Dungeon.
             The game lasted 00:44:41 (32376 turns).

McKennaii the Devastator (Demigod Conjurer)        Turns: 32376, Time: 00:44:41

Health: -17/93     AC: 16    Str:  8    XL:     14   Next: 65%
Magic:  32/55      EV:  9    Int: 39    God:
Gold:   2626       SH: 12    Dex:  9    Spells: 12/41 levels left

rFire   + + .        h - staff of earth "Wiuler" {rF+ MP+9 Int+3 Dex-3}
rCold   + + .        w - +3 kite shield "Xusaru" {MP+9}
rNeg    . . .        H - +5 steam dragon scales
rPois   .            v - +0 helmet
rElec   .            V - scarf {rC+ rF+}
rCorr   .            e - +3 pair of gauntlets of War {Slay+5}
SInv    .            U - +0 pair of boots
Will    ++...        l - amulet of regeneration
Stlth   ++           n - ring of protection from cold
HPRegen 1.15/turn    Q - ring of willpower
MPRegen 0.34/turn

%: no passive effects
@: no status effects
A: high MP 1, forlorn, divine attributes
a: no special abilities


You were on level 14 of the Dungeon.
You visited 3 branches of the dungeon, and saw 21 of its levels.
You also visited: Ossuary, Ice Cave and Volcano.

You collected 2806 gold pieces.
You spent 180 gold pieces at shops.

Inventory:

Hand Weapons
 S - the +8 mace "Earthworm" {protect, rElec}
   (You took it off a centaur on level 11 of the Dungeon)

   rElec:     It insulates you from electricity.
Armour
 e - the +3 pair of gauntlets of War (worn) {Slay+5}
   (You acquired it on level 11 of the Dungeon)

   Slay:      It affects your accuracy & damage with ranged weapons and melee
   (+5).
 v - a +0 helmet (worn)
 w - the +3 kite shield "Xusaru" (worn) {MP+9}
   (You acquired it on level 4 of the Lair of Beasts)

   MP:        It affects your magic capacity (+9).
 H - +5 steam dragon scales (worn)
 U - a +0 pair of boots (worn)
 V - a scarf of resistance (worn)
Magical Staves
 g - a staff of conjuration
 h - the staff of earth "Wiuler" (weapon) {rF+ MP+9 Int+3 Dex-3}
   (You acquired it on level 3 of the Lair of Beasts)

   [staff of earth]

   Base accuracy: +5 Base damage: 5 Base attack delay: 1.2 This weapon's minimum
   attack delay (0.6) is reached at skill level 12.
   Int:       It affects your intelligence (+3).
   Dex:       It affects your dexterity (-3).
   rF:        It protects you from fire.
   MP:        It affects your magic capacity (+9).
   It falls into the 'Staves' category.
   It is a one-handed weapon.
Jewellery
 l - an amulet of regeneration (around neck)
 n - a ring of protection from cold (left hand)
 Q - a ring of willpower (right hand)
Wands
 y - a wand of light (10)
 D - a wand of polymorph (14)
 G - a wand of paralysis (22)
 N - a wand of iceblast (19)
 O - a wand of mindburst (35)
Scrolls
 d - 3 scrolls of enchant weapon
 i - 4 scrolls of teleportation
 j - 2 scrolls of acquirement
 o - 5 scrolls of summoning
 u - 3 scrolls of torment
 z - 3 scrolls of silence
 C - 4 scrolls of fog
 E - 5 scrolls of poison
 F - 5 scrolls of magic mapping {unknown}
 I - a scroll of brand weapon {unknown}
 K - 2 scrolls of blinking {unknown}
 M - 3 scrolls of fear {unknown}
 R - 2 scrolls of vulnerability {unknown}
 T - 2 scrolls of amnesia {unknown}
Potions
 a - 4 potions of attraction
 b - 5 potions of magic
 f - 6 potions of might
 k - 6 potions of mutation
 m - 5 potions of flight
 p - 12 potions of degeneration
 q - 3 potions of brilliance
 r - 6 potions of haste
 s - 8 potions of curing
 x - 3 potions of cancellation {unknown}
 A - 2 potions of lignification {unknown}
 B - 3 potions of ambrosia {unknown}
 J - 3 potions of resistance {unknown}
 L - 3 potions of heal wounds {unknown}
 P - 2 potions of berserk rage {unknown}


   Skills:
 - Level 1.7 Dodging
 - Level 1.7 Stealth
 * Level 7.0 Shields
 + Level 14.2 Spellcasting
 + Level 15.7 Conjurations
 * Level 10.4 Earth Magic


You had 12 spell levels left.
You knew the following spells:

 Your Spells              Type           Power      Damage    Failure   Level
a - Magic Dart            Conj           100%       1d8       0%          1
b - Searing Ray           Conj           100%       2d8       0%          2
c - Iskenderun's Mystic   Conj/Tloc      73%        2d15      1%          4
d - Lee's Rapid Deconstr  Erth           52%        3d24*     1%          5
e - Lehudib's Crystal Sp  Conj/Erth      57%        10d13     86%         8
f - Freezing Cloud        Conj/Ice/Air   31%        6-21      17%         5
g - Petrify               Tmut/Erth      80%        N/A       6%          4

Your spell library contained the following spells:

 Spells                   Type           Power      Damage    Failure   Level
 Foxfire                  Conj/Fire      100%       2x1d9     1%          1
 Kiss of Death            Conj/Necr      100%       2d13      1%          1
 Momentum Strike          Conj/Tloc      100%       3d10      1%          2
 Dazzling Flash           Conj/Hex       100%       N/A       1%          3
 Hailstorm                Conj/Ice       73%        3d15      1%          3
 Mephitic Cloud           Conj/Pois/Air  62%        N/A       1%          3
 Flame Wave               Conj/Fire      73%        2d16      1%          4
 Fulminant Prism          Conj/Hex       36%        3d17      1%          4
 Freeze                   Ice            100%       1d10      5%          1
 Necrotise                Necr           100%       1d9       5%          1
 Leda's Liquefaction      Hex/Erth       40%        N/A       6%          4
 Fireball                 Conj/Fire      36%        3d15      6%          5
 Irradiate                Conj/Tmut      36%        3d23      6%          5
 Blink                    Tloc           54%        N/A       9%          2
 Cigotuvi's Dreadful Rot  Necr/Pois/Air  54%        N/A       9%          2
 Lesser Beckoning         Tloc           54%        N/A       9%          2
 Poisonous Vapours        Pois/Air       54%        N/A       9%          2
 Scorch                   Fire           54%        2d7       9%          2
 Sublimation of Blood     Necr           27%        N/A       9%          2
 Call Canine Familiar     Summ           27%        N/A       16%         3
 Confusing Touch          Hex            27%        N/A       16%         3
 Frozen Ramparts          Ice            54%        1d9       16%         3
 Portal Projectile        Hex/Tloc       54%        N/A       16%         3
 Spider Form              Tmut/Pois      27%        N/A       16%         3
 Tukima's Dance           Hex            27%        N/A       16%         3
 Vampiric Draining        Necr           27%        2d7       16%         3
 Volatile Blastmotes      Fire/Tloc      54%        2d14      16%         3
 Starburst                Conj/Fire      36%        6d11      32%         6
 Dispel Undead            Necr           27%        3d13      47%         4
 Passage of Golubria      Tloc           27%        N/A       47%         4
 Agony                    Necr           27%        N/A       83%         5
 Blade Hands              Tmut           13%        N/A       83%         5
 Silence                  Hex/Air        13%        N/A       83%         5
 Plasma Beam              Fire/Air       13%        2x1d27    100%        6
 Summon Cactus Giant      Summ           13%        N/A       100%        6


Dungeon Overview and Level Annotations

Branches:
Dungeon (14/15)            Temple (0/1) D:4            Lair (5/5) D:10
 Shoals (0/4) Lair:3       Spider (0/4) Lair:2        Slime (0/5) Lair:4
    Orc (2/2) D:9             Elf (0/3) Orc:2       Ossuary (visited)
  IceCv (visited)         Volcano (visited)
 Vaults: D:13-14

Shops:
D:8 (   D:9 (   Orc:2 [((*

Annotations:
D:14 Jorgrun
Lair:4 1 transporter, Kuerar's ghost, journeyman BaFi


Innate Abilities, Weirdness & Mutations

You have an increased reservoir of magic. (+10% MP)
You shall have no god before yourself.
Your divine heritage dramatically boosts your attributes as you level up.


Message History

The vault guard hits you but does no damage.
Your magical contamination has completely faded away.
You turn to flesh and can move again.
Unknown command.
Unknown command.
Unknown command.
Casting: Iskenderun's Mystic Blast (mildly dangerous; 1% risk of failure)
Confirm with . or Enter, or press ? or * to list all spells.
You erupt in a blast of force!
The mystic blast hits the vault guard!!
The vault guard is severely wounded.
The vault guard is knocked back by the mystic blast.
The vault guard slams into the rock wall!
The vault guard is severely wounded.
The mystic blast hits Jorgrun!
Jorgrun is almost dead.
Jorgrun is knocked back by the mystic blast.
Unknown command.
Unknown command.
Casting: Iskenderun's Mystic Blast (mildly dangerous; 1% risk of failure)
Confirm with . or Enter, or press ? or * to list all spells.
Aiming: Freezing Cloud (dangerous; 17% risk of failure)
Press: ? - help, Dir - move target, f/p - Jorgrun
Aim: Jorgrun, wielding a +0 heavy quarterstaff and wearing a +1 robe of willpower (almost dead) Jorgrun is engulfed in freezing vapours.
The grasping roots constrict you!
* * * LOW HITPOINT WARNING * * *
The grasping roots release their grip on you.
Unknown command.
Unknown command.
Casting: Freezing Cloud (dangerous; 17% risk of failure)
Confirm with . or Enter, or press ? or * to list all spells.
You erupt in a blast of force!
The mystic blast hits the vault guard!
The vault guard is almost dead.
The vault guard is knocked back by the mystic blast.
The vault guard slams into the rock wall!
You kill the vault guard!
Jorgrun is engulfed in freezing vapours.
Jorgrun casts a spell at you. The iron shot hits you!!!
You die...

###### #.... ### # #....#
#...# .. .### #....#
#...###### .#....# ##....#
#........# #...##>####.....#
#........#
...###..!.......###........#
......##.........#..##.#####
....#.#....§§§§....###<....#
.g..#.....§§§g(.@...###.#..#
...........§§§§............#
........(...§#)#####.#.#.#.#
............##..# #.......#
........(... ##..# #.#.#.#.#
......../... #...........#
.#.......... ####.#.#^#.#
..###..... #.......# ##....
#....####


You could see Jorgrun.

Vanquished Creatures
  The ghost of hitsuchi the Arsonist, a journeyman MeEE of Vehumet (Lair:5)
  An orc warlord (Orc:2)
  The ghost of Graphine the Cleaver, a journeyman HOFi of Beogh (Orc:2)
  7 hydras
  An ogre mage (D:13)
  2 vault guards (D:14)
  4 two-headed ogres
  2 boulder beetles
  5 centaur warriors
  An orc high priest (Orc:2)
  A hell knight (Volcano)
  A skeletal warrior (D:13)
  Pikel (D:4)
  A bog body (IceCv)
  A lindwurm (Lair:4)
  An obsidian statue (Volcano)
  A necromancer (IceCv)
  2 cyclopes
  3 orc knights
  An orc sorcerer (Orc:2)
  6 ugly things (D:14)
  3 manticores
  9 elephants
  2 ice statues (IceCv)
  4 black mambas
  A merfolk siren (Lair:3)
  3 gargoyles
  Maggie (D:9)
  10 cane toads
  An unseen horror (D:13)
  A yaktaur (Volcano)
  8 komodo dragons
  4 rime drakes
  7 ice devils (IceCv)
  2 anaconda simulacra (IceCv)
  2 tengu conjurers (D:13)
  8 trolls
  3 merfolk (Lair:3)
  7 polar bears (Lair:5)
  Grinder (D:5)
  7 hornets
  11 slime creatures
  A shadow (D:10)
  Sigmund (D:5)
  4 vampires
  10 spriggans (Lair:5)
  5 wyverns
  5 basilisks
  3 dire elephant simulacra (IceCv)
  4 fire bats (Volcano)
  28 yaks
  2 steam dragons (D:8)
  9 vampire mosquitoes
  A death yak simulacrum (IceCv)
  3 wargs
  An acid dragon (D:12)
  Menkaure (D:5)
  4 harpy simulacra (IceCv)
  A hydra simulacrum (IceCv)
  15 water moccasins
  A black bear (shapeshifter) (D:14)
  30 orc warriors
  7 ice beasts
  6 black bears
  2 sky beasts
  4 boggarts (Lair:5)
  19 wolves
  6 ogres
  11 centaurs
  A phantom (D:6)
  2 gnoll sergeants
  3 kobold brigands
  12 bullfrogs
  4 scorpions
  8 wights (D:7)
  4 killer bees (D:9)
  3 electric eels (Lair:4)
  2 howler monkeys (D:6)
  3 centaur zombies
  6 lava snakes (Volcano)
  A jelly (D:4)
  21 orc priests
  A hound (D:6)
  A human zombie (Ossuary)
  3 gnoll boudas
  5 iguanas
  Jessica (D:2)
  2 sleepcaps
  Natasha (thrice) (D:2)
  25 orc wizards
  A wolf simulacrum (IceCv)
  A spriggan simulacrum (IceCv)
  5 mummies (Ossuary)
  A naga simulacrum (IceCv)
  2 adders (D:5)
  24 gnolls
  4 white imps
  2 ufetubi
  2 dart slugs
  99 orcs
  4 bats
  5 endoplasms
  2 giant cockroaches
  3 gnoll zombies (Ossuary)
  11 goblins
  3 hobgoblins
  9 jackals
  24 kobolds
  2 quokkas (D:2)
  9 ball pythons
  4 frilled lizards
  2 goblin zombies (D:8)
  A hobgoblin zombie (Ossuary)
  A kobold zombie (Ossuary)
  An orc zombie (Ossuary)
  5 rats
661 creatures vanquished.

Vanquished Creatures (collateral kills)
  A boulder beetle (D:11)
  A cyclops (D:11)
  2 acid dragons (D:11)
4 creatures vanquished.

Vanquished Creatures (others)
  An orc knight (Orc:2)
1 creature vanquished.

Grand Total: 666 creatures vanquished

Notes
Turn   | Place    | Note
-------+----------+-------------------------------------------
     0 | D:1      | McKennaii the Demigod Conjurer began the quest for the Orb.
     0 | D:1      | Reached XP level 1. HP: 14/14 MP: 5/5
   339 | D:1      | Reached XP level 2. HP: 19/20 MP: 1/7
   550 | D:1      | Reached skill level 4 in Conjurations
  1021 | D:1      | Reached XP level 3. HP: 26/26 MP: 6/9
  1707 | D:2      | Noticed Jessica
  1713 | D:2      | Killed Jessica
  1991 | D:2      | Noticed Natasha
  1995 | D:2      | Killed Natasha
  1996 | D:2      | Reached XP level 4. HP: 26/33 MP: 6/11
  2357 | D:2      | Noticed Natasha
  2362 | D:2      | Killed Natasha
  2934 | D:2      | Noticed Natasha
  2939 | D:2      | Killed Natasha
  2943 | D:2      | Learned a level 2 spell: Searing Ray
  2948 | D:2      | Learned a level 4 spell: Iskenderun's Mystic Blast
  3147 | D:3      | Reached skill level 5 in Conjurations
  3147 | D:3      | Reached XP level 5. HP: 15/38 MP: 0/13
  4037 | D:4      | Noticed an ogre
  4041 | D:4      | Killed an ogre
  4110 | D:4      | Reached XP level 6. HP: 43/45 MP: 9/15
  4690 | D:4      | Found a staircase to the Ecumenical Temple.
  4927 | D:4      | Reached skill level 6 in Conjurations
  5076 | D:5      | Entered Level 5 of the Dungeon
  5076 | D:5      | Noticed Pikel
  5085 | D:4      | Killed Pikel
  5086 | D:4      | Reached skill level 5 in Spellcasting
  5086 | D:4      | Reached skill level 7 in Conjurations
  5086 | D:4      | Reached XP level 7. HP: 10/50 MP: 5/19
  5203 | D:5      | Noticed Menkaure
  5209 | D:5      | Killed Menkaure
  5416 | D:5      | Reached XP level 8. HP: 57/57 MP: 13/20
  5564 | D:5      | Noticed Grinder
  5574 | D:5      | Killed Grinder
  5674 | D:5      | Noticed Sigmund
  5681 | D:5      | Killed Sigmund
  5682 | D:5      | Reached skill level 8 in Conjurations
  6555 | D:6      | Reached XP level 9. HP: 62/62 MP: 10/24
  6970 | D:6      | Reached skill level 9 in Conjurations
  8163 | D:7      | Reached skill level 10 in Conjurations
  8656 | D:8      | Reached XP level 10. HP: 61/69 MP: 4/27
  8696 | D:8      | Found a sand-covered staircase.
  8832 | Ossuary  | Entered an ossuary
  9867 | D:8      | Found Fioqesk's Weapon Shop.
  9983 | D:9      | Found Waerici's Antique Weapon Boutique.
 10039 | D:9      | Reached skill level 11 in Conjurations
 10169 | D:9      | Found a staircase to the Orcish Mines.
 10656 | D:9      | Noticed Maggie
 10677 | D:9      | Killed Maggie
 10678 | D:9      | Reached skill level 10 in Spellcasting
 11511 | D:9      | Noticed a boulder beetle
 11827 | D:10     | Entered Level 10 of the Dungeon
 11842 | D:10     | Paralysed by a hornet for 1 turns
 12391 | D:10     | Found a staircase to the Lair.
 12726 | D:10     | Reached skill level 12 in Conjurations
 12726 | D:10     | Reached XP level 11. HP: 69/74 MP: 13/30
 13178 | D:11     | Noticed a centaur warrior
 13244 | Lair:1   | Entered Level 1 of the Lair of Beasts
 13655 | Lair:1   | Learned a level 5 spell: Freezing Cloud
 14079 | Lair:1   | Noticed a boulder beetle
 14090 | Lair:1   | Killed a boulder beetle
 14727 | Lair:2   | Noticed an eight-headed hydra
 14740 | Lair:2   | Killed an eight-headed hydra
 14741 | Lair:2   | Reached skill level 13 in Conjurations
 15066 | Lair:2   | Found a hole to the Spider Nest.
 15991 | Lair:3   | Noticed a six-headed hydra
 15998 | Lair:3   | Killed a six-headed hydra
 15999 | Lair:3   | Reached XP level 12. HP: 28/81 MP: 3/33
 16231 | Lair:3   | Noticed a five-headed hydra
 16240 | Lair:3   | Killed a five-headed hydra
 16415 | Lair:3   | Reached skill level 14 in Conjurations
 16572 | Lair:3   | Found a staircase to the Shoals.
 16621 | Lair:3   | Identified 4 scrolls of acquirement
 16624 | Lair:3   | Acquired the staff of earth "Wiuler" {rF+ MP+9 Int+3 Dex-3}
 16634 | Lair:3   | Learned a level 5 spell: Lee's Rapid Deconstruction
 16639 | Lair:3   | Learned a level 4 spell: Petrify
 16648 | Lair:3   | Learned a level 8 spell: Lehudib's Crystal Spear
 17462 | Lair:4   | Found a transporter.
 17462 | Lair:4   | Noticed Kuerar's ghost (journeyman BaFi)
 17465 | Lair:4   | Found a dark tunnel.
 17472 | Volcano  | Entered a volcano
 17511 | Volcano  | Reached skill level 1 in Earth Magic
 17964 | Volcano  | Noticed a centaur warrior
 17969 | Volcano  | Killed a centaur warrior
 18196 | Lair:4   | Noticed a five-headed hydra
 18204 | Lair:4   | Killed a five-headed hydra
 18324 | Lair:4   | Found a staircase to the Slime Pits.
 18371 | Lair:4   | Noticed an eight-headed hydra
 18372 | Lair:4   | Found a transporter.
 18385 | Lair:4   | Killed an eight-headed hydra
 19409 | Lair:5   | Entered Level 5 of the Lair of Beasts
 19411 | Lair:5   | Noticed a boulder beetle
 19417 | Lair:5   | Killed a boulder beetle
 19418 | Lair:5   | Reached skill level 5 in Earth Magic
 19558 | Lair:5   | Noticed a five-headed hydra
 19566 | Lair:5   | Killed a five-headed hydra
 20255 | Lair:5   | Found a runed translucent gate.
 20255 | Lair:5   | Found a runed translucent gate.
 20255 | Lair:5   | Found a runed translucent gate.
 20256 | Lair:5   | Noticed hitsuchi's ghost (journeyman MeEE)
 20274 | Lair:5   | Noticed a seven-headed hydra
 20317 | Lair:5   | Killed a seven-headed hydra
 20318 | Lair:5   | Reached XP level 13. HP: 83/86 MP: 2/35
 22021 | Lair:5   | Got the Anthology of the Unemployed Unperson
 22129 | Lair:5   | Reached skill level 15 in Conjurations
 22343 | Lair:5   | HP: 3/86 [hitsuchi's ghost/fireball (17)]
 22694 | Lair:5   | Killed hitsuchi's ghost
 22873 | Lair:4   | Acquired 625 gold pieces
 22874 | Lair:4   | Acquired the +3 kite shield "Xusaru" {MP+9}
 22916 | Lair:4   | Reached skill level 1 in Shields
 23822 | D:11     | Identified the +8 mace "Earthworm" {protect, rElec}
 24451 | D:11     | Acquired the +3 pair of gauntlets of War {Slay+5}
 24451 | D:11     | Found the +3 pair of gauntlets of War {Slay+5}
 24488 | D:12     | Found a frozen archway.
 24493 | IceCv    | Entered an ice cave
 25804 | D:12     | You fall into a shaft and drop 2 floors!
 25831 | D:14     | Noticed Jorgrun
 26477 | D:13     | Reached XP level 14. HP: 30/93 MP: 37/37
 26954 | D:13     | Reached skill level 5 in Shields
 28899 | Orc:1    | Entered Level 1 of the Orcish Mines
 29528 | Orc:1    | Reached skill level 10 in Earth Magic
 29964 | Orc:2    | Entered Level 2 of the Orcish Mines
 29964 | Orc:2    | Found a staircase to the Elven Halls.
 30870 | Orc:2    | Found a large runed translucent door.
 30870 | Orc:2    | Found a large runed translucent door.
 30874 | Orc:2    | Noticed Graphine's ghost (journeyman HOFi)
 30991 | Orc:2    | Found Posmonk's General Store.
 31090 | Orc:2    | Bought a potion of magic for 96 gold pieces
 31090 | Orc:2    | Bought a potion of curing for 36 gold pieces
 31090 | Orc:2    | Bought a scroll of identify for 24 gold pieces
 31090 | Orc:2    | Bought a scroll of identify for 24 gold pieces
 31283 | Orc:2    | Found Icomiawk's Weapon Shoppe.
 31738 | Orc:2    | Noticed an orc warlord
 31751 | Orc:2    | Killed an orc warlord
 31940 | Orc:2    | Found Lexziudi's Antique Armour Emporium.
 31942 | Orc:2    | Found Wiquxuri's Antique Weapon Shoppe.
 32046 | Orc:2    | Killed Graphine's ghost
 32376 | D:14     | Killed from afar by Jorgrun

Illustrated notes

Levels and vault maps discovered:
D:1:      sevenhm_arrival_forest_fort_small_4, layout_basic,
          hellmonk_ecumenical_altar_lost_god
D:2:      layout_loops_corners, basic_altar, uniq_natasha, uniq_jessica
D:3:      layout_basic, minivault_14
D:4:      layout_basic, minmay_temple_entry_butterflies, st_stairs_2,
          hangedman_abyss_or_decor_slice
D:5:      layout_gridville, uniq_sigmund, uniq_menkaure, uniq_grinder,
          uniq_pikel
D:6:      layout_loops_ring, trog_ov_bears_minmay
D:7:      layout_basic
D:8:      layout_rooms, enter_ossuary_4, serial_shops, shop
D:9:      layout_cave_pools, mainiacjoe_overflow_boulevard,
          chequers_temple_overflow_statue_of_worship, david_orc_5, serial_shops,
          nicolae_shop_getting_attention, minivault_24, lightli_corner_chamber,
          uniq_maggie
D:10:     layout_basic, hellmonk_lair_entry_icy, roderic_roman_lattice
D:11:     layout_long_grid, columned_hall_lemuel, nzn_wu_jian_council_hall
D:12:     layout_loops_ring, portal_ice_cave_entry_pillars_1,
          lemuel_zombie_altar_yredelemnul
D:13:     layout_grid_maze, beargit_hepliaklqana_dungeon_heroes
D:14:     layout_rooms, erik_vaults_2, corexii_hall_statues_deadend,
          special_room [special_room_bee], serial_glass, glass_columns_a,
          glass_columns_b, drop_trap, uniq_jorgrun
Lair:1:   layout_roguey
Lair:2:   layout_misc_corridors, spider_nest_entry_web_field, special_room,
          infiniplex_staircase_pool_2, grunt_megastairs_1
Lair:3:   layout_regular_city, elwin_shoals_entry_stream
Lair:4:   layout_long_grid, slime_entry_1, nicolae_volcano_entry_two_sided,
          gammafunk_ghost_arena, serial_bayou_lagoon_b
Lair:5:   minmay_lair_end_enchanted_forest, layout_gridlike,
          ebering_ghost_rock_garden, grunt_megastairs_3, lemuel_fruit_fields,
          infiniplex_staircase_pool
Orc:1:    layout_caves, nicolae_orc_pool_cavern
Orc:2:    grunt_orc_community_town_hall, layout_caves,
          grunt_orc_community_big_house_2, grunt_orc_community_big_house_1,
          grunt_orc_community_house_2, grunt_orc_community_house_1,
          grunt_orc_community_house_3, grunt_orc_community_house_1,
          ebering_ghost_disaster_area

Skill      XL: |  1  2  3  4  5  6  7  8  9 10 11 12 13 14 |
---------------+-------------------------------------------+-----
Spellcasting   | 2 3 4 5 6 7 9 10 12 13 14 | 14.2
Conjurations   | 4 5 7 8 10 12 13 14 15 | 15.7
Earth Magic    | 6 9 10 | 10.4
Shields        | 4 7 |  7.0
Dodging        | |  1.7
Stealth        | |  1.7

Action                     |  1- 3 |  4- 6 |  7- 9 | 10-12 | 13-15 || total
---------------------------+-------+-------+-------+-------+-------++-------
  Melee: Staff             |    14 |     2 |       |    33 |    24 ||    73
         Punch             |       |       |       |     2 |     1 ||     3
   Cast: Magic Dart        |    76 |    87 |   124 |   309 |   232 ||   828
         Searing Ray       |       |     9 |    53 |   115 |    69 ||   246
         Iskenderun's Myst |       |     1 |     5 |   150 |   225 ||   381
         Freezing Cloud    |       |       |       |    22 |    58 ||    80
         Lee's Rapid Decon |       |       |       |    21 |    76 ||    97
         Petrify           |       |       |       |     9 |    20 ||    29
  Evoke: Wand              |       |       |     3 |    12 |     2 ||    17
    Use: Scroll            |       |       |       |    13 |    14 ||    27
         Potion            |       |       |       |       |     2 ||     2
   Stab: Paralysed         |       |       |       |     6 |       ||     6
         Petrifying        |       |       |       |       |     1 ||     1
         Petrified         |       |       |       |       |     1 ||     1
 Armour: Robe              |     6 |     2 |     4 |       |       ||    12
         Steam dragon scal |       |       |     2 |    47 |    66 ||   115
  Dodge: Dodged            |    29 |    13 |    53 |   153 |    77 ||   325
  Block: Kite shield       |       |       |       |       |    86 ||    86
